cohdb
Replays
Latest Replays
All Replays
Popular Replays
Top Player Replays
Match Explorer
How It Works
Community
CoH3 Stats
Reddit
Sign in to upload your games and track your stats! →
Sign in with Steam
Match 43776654
Unlisted
Match 43776654
Overview
Messages
Build Orders
End
Panzergrenadier Squad
Selects Panzerjäger Kommand Battlegroup
Selects Mine Fields
250 Light Carrier
250 Light Carrier
Panzergrenadier Squad
Construct Light Support Kompanie
Selects GrB 39 Grenade Launcher Requisition
Construct Mechanized Kompanie
Panzergrenadier Squad
Combat Half-tracks
2.5-tonne Medical Truck
Marder III Tank Destroyer
Selects Defensive Positions
Marder III Tank Destroyer
Selects Butterfly Bomb Drop
sundr
Razier
STONEgolem
Retzbocher Klaus
Lilfuture
jota barba 7
0
0
Comments
sign in to comment!
No comments posted yet!